Bruins vs Senateurs
Created - 6 novembre 2016 at 22:29
Goals
|
Bruins |
0 |
0 |
1 |
1 |
Senateurs |
1 |
2 |
1 |
4 |
|
Shots
|
Bruins |
3 |
12 |
15 |
30 |
Senateurs |
8 |
16 |
8 |
32 |
|
1st period
1. Senateurs , Brenden Morrow 1 (B.J. Crombeen, Dan Girardi) at 2:03
Penalties :
No Penalty
2nd period
2. Senateurs , Johan Franzen 5 (Dan Hamhuis, Gilbert Brule) at 11:39
3. Senateurs , Gilbert Brule 4 (Kurtis Foster, Johan Franzen) at 18:44
Penalties :
Andrew Alberts (Bos) for Roughing (Minor) at 0:23, Jason Demers (Bos) for Roughing (Minor) at 18:47
3rd period
4. Bruins , Wojtek Wolski 3 (Henrik Sedin, Jarome Iginla) at 2:40 (PP)
5. Senateurs , Brenden Morrow 2 (Thomas Vanek, Kurtis Foster) at 15:20 (SH)
Penalties :
Johan Franzen (Ott) for Holding (Minor) at 2:19, Vladimir Mihalik (Ott) for Close Hand On Puck (Minor) at 14:27
Goalie Stats
Roberto Luongo (Bos), 28 saves from 32 shots - (0,875), L, 3-2-0, 60:00 minutes
Ondrej Pavelec (Ott), 29 saves from 30 shots - (0,967), W, 4-1-1, 60:00 minutes
Players Stats for Bruins
Player Name G A P +/- PIM S H SB GA TA FO MP PP MP PK MP
------------------------------------------------------------------------------------
Adam Pineault 0 0 0 0 0 0 2 0 0 0 0/0 13:11 0:00 0:00
Andrew Alberts 0 0 0 -2 2 0 1 2 0 1 0/0 25:36 1:03 1:06
Curtis Glencross 0 0 0 0 0 1 0 0 0 0 0/0 9:18 0:00 0:30
Dave Bolland 0 0 0 0 0 2 0 1 0 0 3/7 13:11 0:00 0:00
Daymond Langkow 0 0 0 -1 0 1 3 0 0 0 5/8 15:47 0:49 0:00
Erik Condra 0 0 0 0 0 1 3 0 0 0 0/0 8:48 0:00 0:00
Henrik Sedin 0 1 1 -3 0 6 0 1 1 0 17/29 20:35 1:31 2:26
Jarome Iginla 0 1 1 -3 0 3 1 1 3 3 0/2 19:17 1:31 1:02
Jason Demers 0 0 0 -2 2 1 2 2 0 3 0/0 25:54 1:03 1:23
Justin Falk 0 0 0 -2 0 1 0 1 0 1 0/0 18:27 1:17 1:29
Keaton Ellerby 0 0 0 0 0 1 1 0 0 1 0/0 16:37 0:00 1:57
Mark Stuart 0 0 0 -2 0 1 0 0 0 1 0/0 18:59 1:17 2:01
Matt Cooke 0 0 0 -1 0 4 1 0 0 0 0/0 16:17 0:49 0:30
Matt Hendricks 0 0 0 0 0 0 1 0 0 0 2/2 8:48 0:00 0:00
Nate Prosser 0 0 0 0 0 1 2 1 0 0 0/0 14:33 0:00 0:00
Victor Oreskovich 0 0 0 -1 0 1 3 0 0 2 0/0 16:56 0:49 1:02
Viktor Stalberg 0 0 0 0 0 2 1 3 1 0 0/0 13:11 0:00 0:00
Wojtek Wolski 1 0 1 -3 0 4 0 0 0 0 4/8 20:35 1:31 2:26
Players Stats for Senateurs
Player Name G A P +/- PIM S H SB GA TA FO MP PP MP PK MP
------------------------------------------------------------------------------------
Andrew Ebbett 0 0 0 0 0 1 0 1 1 0 1/2 9:34 0:00 0:00
Andy McDonald 0 0 0 0 0 0 1 0 0 0 0/0 9:34 0:00 0:00
B.J. Crombeen 0 1 1 1 0 3 1 0 0 0 1/1 16:06 1:43 0:00
Brad Richards 0 0 0 2 0 3 2 0 0 0 6/11 16:16 1:43 0:10
Brandon Dubinsky 0 0 0 0 0 0 1 0 0 0 2/7 13:26 0:00 0:00
Brenden Morrow 2 0 2 2 0 2 2 0 2 0 0/0 16:16 1:43 0:10
Carlo Colaiacovo 0 0 0 1 0 1 1 5 2 0 0/0 20:46 1:19 0:29
Dan Girardi 0 1 1 0 0 1 1 0 0 0 0/0 12:09 0:00 0:00
Dan Hamhuis 0 1 1 3 0 1 0 2 1 2 0/0 27:05 2:39 1:51
Darcy Hordichuk 0 0 0 0 0 7 1 0 1 1 0/0 13:26 0:00 0:00
George Parros 0 0 0 0 0 1 1 0 1 0 0/0 13:26 0:00 0:00
Gilbert Brule 1 1 2 2 0 3 4 1 2 2 11/31 20:44 2:15 2:10
Johan Franzen 1 1 2 2 2 2 0 1 0 0 3/3 18:30 2:15 0:00
Kurtis Foster 0 2 2 3 0 0 0 2 1 0 0/0 27:05 2:39 1:51
Milan Hejduk 0 0 0 0 0 0 2 1 0 0 0/0 9:34 0:00 0:00
Thomas Vanek 0 1 1 2 0 3 1 0 0 0 1/1 20:44 2:15 2:10
Vitaly Vishnevsky 0 0 0 1 0 3 0 2 1 0 0/0 20:46 1:19 0:29
Vladimir Mihalik 0 0 0 0 2 1 0 1 0 0 0/0 12:11 0:00 0:00
3 Stars
1 - Brenden Morrow (Ott)
2 - Gilbert Brule (Ott)
3 - Ondrej Pavelec (Ott)
Power Play
Bruins - 1 on 2 Attempt(s) - 50,00%
Senateurs - 0 on 2 Attempt(s) - 0,00%
Penalty Kill
Bruins - 2 on 2 Attempt(s) - 100,00%
- Score 0 goal in Penalty Kill
Senateurs - 1 on 2 Attempt(s) - 50,00%
- Score 1 goal in Penalty Kill
Team Stat
Bruins - Hits : 21 - Faceoff Wins : 31 - Blocked Shots : 12 - Penalty Minutes : 4
Senateurs - Hits : 18 - Faceoff Wins : 25 - Blocked Shots : 16 - Penalty Minutes : 4
Official
Referees : O'Halloran Dan and Devorski Paul
Linesman : Don Henderson and Lonnie Cameron
Game Notes
No Game Note
Finance
Level 1 -- Attendance: 6000 (100,00%) -- Ticket Income 480 000 $
Level 2 -- Attendance: 4685 (93,70%) -- Ticket Income 234 250 $
Level 3 -- Attendance: 1993 (99,65%) -- Ticket Income 59 790 $
Level 4 -- Attendance: 2656 (66,40%) -- Ticket Income 66 400 $
Luxury Box -- Attendance: 1000 (100,00%) -- Ticket Income 155 000 $
Game was played at the Place Banque Scotia.
Total Attendance: 16334 (90,74%)
Total Ticket Income: 995 440 $
Other Income: 149 316 $
Total Income: 1 144 756 $
Bruins
5 vs 5 Forward
Center Left Wing Right Wing Time % Phy DF OF
1 Henrik Sedin Wojtek Wolski Jarome Iginla 40 1 2 2
2 Daymond Langkow Matt Cooke Victor Oreskovich 30 1 2 2
3 Dave Bolland Viktor Stalberg Adam Pineault 20 1 2 2
4 Matt Hendricks Curtis Glencross Erik Condra 10 1 2 2
5 vs 5 Defense
Defense Defense Time % Phy DF OF
1 Jason Demers Andrew Alberts 40 1 2 2
2 Justin Falk Mark Stuart 30 1 2 2
3 Nate Prosser Keaton Ellerby 20 1 2 2
4 Jason Demers Andrew Alberts 10 1 2 2
PowerPlay Forward
Center Left Wing Right Wing Time % Phy DF OF
1 Henrik Sedin Wojtek Wolski Jarome Iginla 60 1 2 2
2 Daymond Langkow Matt Cooke Victor Oreskovich 40 1 2 2
PowerPlay Defense
Defense Defense Time % Phy DF OF
1 Jason Demers Andrew Alberts 60 1 2 2
2 Justin Falk Mark Stuart 40 1 2 2
Penalty Kill 4 Players Forward
Center Wing Time % Phy DF OF
1 Wojtek Wolski Henrik Sedin 60 1 2 2
2 Jarome Iginla Victor Oreskovich 40 1 2 2
Penalty Kill 4 Players Defense
Defense Defense Time % Phy DF OF
1 Jason Demers Andrew Alberts 60 1 2 2
2 Justin Falk Mark Stuart 40 1 2 2
Penalty Kill - 3 Players Forward
Forward Time % Phy DF OF
1 Wojtek Wolski 60 1 2 2
2 Henrik Sedin 40 1 2 2
Penalty Kill - 3 Players Defense
Defense Defense Time % Phy DF OF
1 Jason Demers Andrew Alberts 60 1 2 2
2 Justin Falk Mark Stuart 40 1 2 2
4 vs 4 Forward
Center Wing Time % Phy DF OF
1 Wojtek Wolski Henrik Sedin 60 1 2 2
2 Jarome Iginla Victor Oreskovich 40 1 2 2
4 vs 4 Defense
Defense Defense Time % Phy DF OF
1 Jason Demers Andrew Alberts 60 1 2 2
2 Justin Falk Mark Stuart 40 1 2 2
Last Minutes Offensive
Center Left Wing Right Wing Defense Defense
Henrik Sedin Wojtek Wolski Jarome Iginla Jason Demers Andrew Alberts
Last Minutes Defensive
Center Left Wing Right Wing Defense Defense
Henrik Sedin Wojtek Wolski Jarome Iginla Jason Demers Andrew Alberts
Goaltenders
Starting : Roberto Luongo
Backup : Karri Ramo
Extra Forwards
Normal : Dave Bolland, Viktor Stalberg, Curtis Glencross - PP : Dave Bolland, Viktor Stalberg - PK : Curtis Glencross
Extra Defensemen
Normal : Nate Prosser, Keaton Ellerby, Justin Falk - PP : Nate Prosser - PK : Keaton Ellerby, Justin Falk
Penalty Shots
Wojtek Wolski, Henrik Sedin, Jarome Iginla, Victor Oreskovich, Matt Cooke
Senateurs
5 vs 5 Forward
Center Left Wing Right Wing Time % Phy DF OF
1 Gilbert Brule Thomas Vanek Johan Franzen 40 1 2 2
2 Brad Richards Brenden Morrow B.J. Crombeen 30 1 2 2
3 Brandon Dubinsky Darcy Hordichuk George Parros 20 1 2 2
4 Andrew Ebbett Andy McDonald Milan Hejduk 10 1 2 2
5 vs 5 Defense
Defense Defense Time % Phy DF OF
1 Kurtis Foster Dan Hamhuis 40 1 2 2
2 Vitaly Vishnevsky Carlo Colaiacovo 30 1 2 2
3 Dan Girardi Vladimir Mihalik 20 1 2 2
4 Kurtis Foster Dan Hamhuis 10 1 2 2
PowerPlay Forward
Center Left Wing Right Wing Time % Phy DF OF
1 Gilbert Brule Thomas Vanek Johan Franzen 60 1 1 3
2 Brad Richards Brenden Morrow B.J. Crombeen 40 1 1 3
PowerPlay Defense
Defense Defense Time % Phy DF OF
1 Kurtis Foster Dan Hamhuis 60 1 2 2
2 Vitaly Vishnevsky Carlo Colaiacovo 40 1 2 2
Penalty Kill 4 Players Forward
Center Wing Time % Phy DF OF
1 Gilbert Brule Thomas Vanek 60 1 2 2
2 Brad Richards Brenden Morrow 40 1 2 2
Penalty Kill 4 Players Defense
Defense Defense Time % Phy DF OF
1 Kurtis Foster Dan Hamhuis 60 1 2 2
2 Vitaly Vishnevsky Carlo Colaiacovo 40 1 2 2
Penalty Kill - 3 Players Forward
Forward Time % Phy DF OF
1 Gilbert Brule 60 1 2 2
2 Thomas Vanek 40 1 2 2
Penalty Kill - 3 Players Defense
Defense Defense Time % Phy DF OF
1 Kurtis Foster Dan Hamhuis 60 1 2 2
2 Vitaly Vishnevsky Carlo Colaiacovo 40 1 2 2
4 vs 4 Forward
Center Wing Time % Phy DF OF
1 Gilbert Brule Thomas Vanek 60 1 2 2
2 Brad Richards Brenden Morrow 40 1 2 2
4 vs 4 Defense
Defense Defense Time % Phy DF OF
1 Kurtis Foster Dan Hamhuis 60 1 2 2
2 Vitaly Vishnevsky Carlo Colaiacovo 40 1 2 2
Last Minutes Offensive
Center Left Wing Right Wing Defense Defense
Gilbert Brule Thomas Vanek Johan Franzen Kurtis Foster Dan Hamhuis
Last Minutes Defensive
Center Left Wing Right Wing Defense Defense
Gilbert Brule Thomas Vanek Johan Franzen Kurtis Foster Dan Hamhuis
Goaltenders
Starting : Ondrej Pavelec
Backup : Jonas Gustavsson
Extra Forwards
Normal : Darcy Hordichuk, Andy McDonald, Andrew Ebbett - PP : Darcy Hordichuk, Andy McDonald - PK : Andrew Ebbett
Extra Defensemen
Normal : Dan Girardi, Vladimir Mihalik, Vitaly Vishnevsky - PP : Dan Girardi - PK : Vladimir Mihalik, Vitaly Vishnevsky
Penalty Shots
Gilbert Brule, Thomas Vanek, Brad Richards, Brenden Morrow, Johan Franzen
% Time on Ice - Bruins
Lines # - Real PCT - Wanted PCT - Time Play
Normal Forward
1 - 31% - 40% - 16:38
2 - 28% - 30% - 15:05
3 - 25% - 20% - 13:11
4 - 16% - 10% - 8:48
Normal Defense
1 - 37% - 40% - 19:45
2 - 29% - 30% - 15:41
3 - 27% - 20% - 14:33
4 - 7% - 10% - 3:43
PP Forward
1 - 65% - 60% - 1:31
2 - 35% - 40% - 0:49
PP Defense
1 - 45% - 60% - 1:03
2 - 55% - 40% - 1:17
PK Forward
1 - 74% - 60% - 2:56
2 - 26% - 40% - 1:02
PK Defense
1 - 63% - 60% - 2:29
2 - 37% - 40% - 1:29
PK3 Forward
1 - 0% - 60%
2 - 0% - 40%
PK3 Defense
1 - 0% - 60%
2 - 0% - 40%
44 Forward
1 - 0% - 60%
2 - 0% - 40%
44 Defense
1 - 0% - 60%
2 - 0% - 40%
Last Minute Offensive - 0:00
Last Minute Defensive - 0:00
Total
Forward - 60:00
Defense - 60:00
|
% Time on Ice - Senateurs
Lines # - Real PCT - Wanted PCT - Time Play
Normal Forward
1 - 30% - 40% - 16:19
2 - 27% - 30% - 14:23
3 - 25% - 20% - 13:26
4 - 18% - 10% - 9:34
Normal Defense
1 - 37% - 40% - 19:44
2 - 35% - 30% - 18:58
3 - 23% - 20% - 12:09
4 - 5% - 10% - 2:51
PP Forward
1 - 57% - 60% - 2:15
2 - 43% - 40% - 1:43
PP Defense
1 - 67% - 60% - 2:39
2 - 33% - 40% - 1:19
PK Forward
1 - 93% - 60% - 2:10
2 - 7% - 40% - 0:10
PK Defense
1 - 79% - 60% - 1:51
2 - 21% - 40% - 0:29
PK3 Forward
1 - 0% - 60%
2 - 0% - 40%
PK3 Defense
1 - 0% - 60%
2 - 0% - 40%
44 Forward
1 - 0% - 60%
2 - 0% - 40%
44 Defense
1 - 0% - 60%
2 - 0% - 40%
Last Minute Offensive - 0:00
Last Minute Defensive - 0:00
Total
Forward - 60:00
Defense - 60:00
|
Play by Play
1st period
0:01 of 1st period - Henrik Sedin wins face-off versus Gilbert Brule in neutral zone.
0:38 of 1st period - Slapshot by Adam Pineault.
0:38 of 1st period - Shot Blocked by Kurtis Foster.
1:07 of 1st period - Off-side.
1:08 of 1st period - Brandon Dubinsky wins face-off versus Henrik Sedin in neutral zone.
1:11 of 1st period - Wrist shot by Darcy Hordichuk.
1:11 of 1st period - Stopped by Roberto Luongo with a rebound.
2:01 of 1st period - Snap shot by B.J. Crombeen.
2:01 of 1st period - Stopped by Roberto Luongo with a rebound.
2:03 of 1st period - Snap shot by Brenden Morrow.
2:03 of 1st period - Goal by Brenden Morrow - Bruins : 0 - Senateurs : 1.
2:04 of 1st period - Dave Bolland wins face-off versus Gilbert Brule in neutral zone.
3:40 of 1st period - Wrist shot by Gilbert Brule.
3:40 of 1st period - Shot Misses the Net.
3:59 of 1st period - Wrist shot by Darcy Hordichuk.
3:59 of 1st period - Shot Misses the Net.
4:53 of 1st period - Vitaly Vishnevsky is hit by Jason Demers and loses puck.
5:03 of 1st period - Icing by Vitaly Vishnevsky.
5:04 of 1st period - Matt Hendricks wins face-off versus Brandon Dubinsky in Senateurs zone.
6:17 of 1st period - Wrist shot by Dave Bolland.
6:17 of 1st period - Shot Misses the Net.
6:19 of 1st period - Snap shot by Viktor Stalberg.
6:19 of 1st period - Shot Misses the Net.
6:21 of 1st period - Slapshot by Viktor Stalberg.
6:21 of 1st period - Shot Misses the Net.
6:33 of 1st period - Snap shot by Darcy Hordichuk.
6:33 of 1st period - Stopped by Roberto Luongo without a rebound.
6:34 of 1st period - Henrik Sedin wins face-off versus Brandon Dubinsky in Bruins zone.
6:45 of 1st period - Wrist shot by Wojtek Wolski.
6:45 of 1st period - Shot Misses the Net.
6:49 of 1st period - Backhand shot by Henrik Sedin.
6:49 of 1st period - Shot Blocked by Kurtis Foster.
6:59 of 1st period - Backhand shot by George Parros.
6:59 of 1st period - Shot Blocked by Henrik Sedin.
7:01 of 1st period - Snap shot by Vitaly Vishnevsky.
7:01 of 1st period - Stopped by Roberto Luongo with a rebound.
7:03 of 1st period - Snap shot by Darcy Hordichuk.
7:03 of 1st period - Shot Blocked by Jarome Iginla.
7:11 of 1st period - Slapshot by Darcy Hordichuk.
7:11 of 1st period - Stopped by Roberto Luongo with a rebound.
7:13 of 1st period - Snap shot by Darcy Hordichuk.
7:13 of 1st period - Shot Blocked by Justin Falk.
7:15 of 1st period - Snap shot by Vitaly Vishnevsky.
7:15 of 1st period - Shot Misses the Net.
7:35 of 1st period - Snap shot by Darcy Hordichuk.
7:35 of 1st period - Stopped by Roberto Luongo with a rebound.
7:52 of 1st period - Jarome Iginla is hit by George Parros and loses puck.
8:56 of 1st period - Slapshot by Wojtek Wolski.
8:56 of 1st period - Shot Blocked by Carlo Colaiacovo.
8:58 of 1st period - Slapshot by Keaton Ellerby.
8:58 of 1st period - Shot Blocked by Vitaly Vishnevsky.
9:00 of 1st period - Slapshot by Keaton Ellerby.
9:00 of 1st period - Deflect By Brandon Dubinsky.
9:00 of 1st period - Stopped by Ondrej Pavelec with a rebound.
9:02 of 1st period - Slapshot by Nate Prosser.
9:02 of 1st period - Shot Misses the Net.
9:04 of 1st period - Slapshot by Jarome Iginla.
9:04 of 1st period - Stopped by Ondrej Pavelec without a rebound.
9:05 of 1st period - Gilbert Brule wins face-off versus Daymond Langkow in Senateurs zone.
9:31 of 1st period - Dave Bolland is hit by Dan Girardi and loses puck.
9:40 of 1st period - Wrist shot by Brad Richards.
9:40 of 1st period - Stopped by Roberto Luongo with a rebound.
9:59 of 1st period - Carlo Colaiacovo is hit by Erik Condra.
10:13 of 1st period - Andrew Ebbett is hit by Victor Oreskovich and loses puck.
10:33 of 1st period - Vitaly Vishnevsky is hit by Adam Pineault.
11:30 of 1st period - Victor Oreskovich is hit by Gilbert Brule and loses puck.
14:18 of 1st period - Andrew Alberts is hit by Brenden Morrow and loses puck.
17:31 of 1st period - Carlo Colaiacovo is hit by Viktor Stalberg and loses puck.
19:03 of 1st period - Henrik Sedin is hit by Thomas Vanek and loses puck.
19:23 of 1st period - Brenden Morrow is hit by Victor Oreskovich and loses puck.
19:36 of 1st period - Carlo Colaiacovo is hit by Andrew Alberts and loses puck.
19:43 of 1st period - Viktor Stalberg is hit by Carlo Colaiacovo and loses puck.
19:54 of 1st period - Wrist shot by Curtis Glencross.
19:54 of 1st period - Deflect By Erik Condra.
19:54 of 1st period - Stopped by Ondrej Pavelec with a rebound.
Goals for this period are 0 for Bruins vs 1 for Senateurs.
Shots for this period are 3 for Bruins vs 8 for Senateurs.
2nd period
0:01 of 2nd period - Henrik Sedin wins face-off versus Gilbert Brule in neutral zone.
0:04 of 2nd period - Wrist shot by Wojtek Wolski.
0:04 of 2nd period - Stopped by Ondrej Pavelec without a rebound.
0:05 of 2nd period - Henrik Sedin wins face-off versus Gilbert Brule in Senateurs zone.
0:23 of 2nd period - Minor Penalty to Andrew Alberts for Roughing.
0:24 of 2nd period - Wojtek Wolski wins face-off versus Gilbert Brule in Bruins zone.
1:50 of 2nd period - Icing by B.J. Crombeen.
1:51 of 2nd period - Brad Richards wins face-off versus Jarome Iginla in Senateurs zone.
2:20 of 2nd period - Carlo Colaiacovo is hit by Jarome Iginla and loses puck.
2:23 of 2nd period - Penalty to Andrew Alberts is over, Andrew Alberts is back on ice.
2:45 of 2nd period - Wrist shot by Dave Bolland.
2:45 of 2nd period - Stopped by Ondrej Pavelec with a rebound.
3:09 of 2nd period - Icing by Andy McDonald.
3:10 of 2nd period - Matt Hendricks wins face-off versus Andrew Ebbett in Senateurs zone.
3:11 of 2nd period - Slapshot by Curtis Glencross.
3:11 of 2nd period - Shot Misses the Net.
3:13 of 2nd period - Snap shot by Jarome Iginla.
3:13 of 2nd period - Deflect By Henrik Sedin.
3:13 of 2nd period - Stopped by Ondrej Pavelec with a rebound.
3:15 of 2nd period - Wrist shot by Henrik Sedin.
3:15 of 2nd period - Stopped by Ondrej Pavelec with a rebound.
3:17 of 2nd period - Slapshot by Nate Prosser.
3:17 of 2nd period - Stopped by Ondrej Pavelec without a rebound.
3:18 of 2nd period - Johan Franzen wins face-off versus Henrik Sedin in Senateurs zone.
3:31 of 2nd period - Slapshot by Wojtek Wolski.
3:31 of 2nd period - Shot Blocked by Carlo Colaiacovo.
3:33 of 2nd period - Slapshot by Keaton Ellerby.
3:33 of 2nd period - Shot Blocked by Carlo Colaiacovo.
4:02 of 2nd period - Slapshot by Carlo Colaiacovo.
4:02 of 2nd period - Shot Blocked by Viktor Stalberg.
4:04 of 2nd period - Snap shot by George Parros.
4:04 of 2nd period - Stopped by Roberto Luongo with a rebound.
4:06 of 2nd period - Slapshot by Carlo Colaiacovo.
4:06 of 2nd period - Stopped by Roberto Luongo without a rebound.
4:07 of 2nd period - Henrik Sedin wins face-off versus Brandon Dubinsky in Bruins zone.
4:48 of 2nd period - Thomas Vanek is hit by Daymond Langkow and loses puck.
5:00 of 2nd period - Off-side.
5:01 of 2nd period - B.J. Crombeen wins face-off versus Dave Bolland in neutral zone.
5:28 of 2nd period - Jason Demers is hit by Gilbert Brule and loses puck.
5:48 of 2nd period - Icing by Adam Pineault.
5:49 of 2nd period - Dave Bolland wins face-off versus Gilbert Brule in Bruins zone.
5:56 of 2nd period - Wrist shot by Thomas Vanek.
5:56 of 2nd period - Shot Blocked by Dave Bolland.
6:16 of 2nd period - Snap shot by Viktor Stalberg.
6:16 of 2nd period - Shot Misses the Net.
6:18 of 2nd period - Snap shot by Viktor Stalberg.
6:18 of 2nd period - Stopped by Ondrej Pavelec without a rebound.
6:19 of 2nd period - Henrik Sedin wins face-off versus Brad Richards in Senateurs zone.
6:20 of 2nd period - Snap shot by Jarome Iginla.
6:20 of 2nd period - Stopped by Ondrej Pavelec without a rebound.
6:21 of 2nd period - Brad Richards wins face-off versus Henrik Sedin in Senateurs zone.
6:28 of 2nd period - Wrist shot by Henrik Sedin.
6:28 of 2nd period - Deflect By Jarome Iginla.
6:28 of 2nd period - Stopped by Ondrej Pavelec with a rebound.
6:30 of 2nd period - Slapshot by Andrew Alberts.
6:30 of 2nd period - Shot Blocked by Vitaly Vishnevsky.
7:33 of 2nd period - Wojtek Wolski is hit by Milan Hejduk and loses puck.
7:52 of 2nd period - Snap shot by Daymond Langkow.
7:52 of 2nd period - Stopped by Ondrej Pavelec with a rebound.
7:56 of 2nd period - Wrist shot by Daymond Langkow.
7:56 of 2nd period - Deflect By Matt Cooke.
7:56 of 2nd period - Shot Misses the Net.
7:56 of 2nd period - Puck is out of play.
7:57 of 2nd period - Johan Franzen wins face-off versus Dave Bolland in Senateurs zone.
8:03 of 2nd period - Off-side.
8:04 of 2nd period - Dave Bolland wins face-off versus Gilbert Brule in neutral zone.
8:29 of 2nd period - Slapshot by Gilbert Brule.
8:29 of 2nd period - Shot Blocked by Viktor Stalberg.
8:49 of 2nd period - Snap shot by Thomas Vanek.
8:49 of 2nd period - Stopped by Roberto Luongo with a rebound.
8:55 of 2nd period - Wrist shot by Thomas Vanek.
8:55 of 2nd period - Shot Blocked by Andrew Alberts.
8:57 of 2nd period - Slapshot by Dan Hamhuis.
8:57 of 2nd period - Deflect By Johan Franzen.
8:57 of 2nd period - Shot Misses the Net.
8:57 of 2nd period - Puck is out of play.
8:58 of 2nd period - Henrik Sedin wins face-off versus Brad Richards in Bruins zone.
9:03 of 2nd period - Slapshot by Henrik Sedin.
9:03 of 2nd period - Deflect By Wojtek Wolski.
9:03 of 2nd period - Stopped by Ondrej Pavelec with a rebound.
9:09 of 2nd period - Wrist shot by Brenden Morrow.
9:09 of 2nd period - Shot Misses the Net.
9:11 of 2nd period - Slapshot by Vladimir Mihalik.
9:11 of 2nd period - Stopped by Roberto Luongo with a rebound.
9:13 of 2nd period - Snap shot by Brad Richards.
9:13 of 2nd period - Shot Misses the Net.
9:25 of 2nd period - Darcy Hordichuk is hit by Matt Cooke and loses puck.
9:42 of 2nd period - Andy McDonald is hit by Matt Hendricks and loses puck.
10:09 of 2nd period - Snap shot by Brenden Morrow.
10:09 of 2nd period - Deflect By B.J. Crombeen.
10:09 of 2nd period - Stopped by Roberto Luongo without a rebound.
10:10 of 2nd period - Brad Richards wins face-off versus Daymond Langkow in Bruins zone.
10:31 of 2nd period - Snap shot by Brad Richards.
10:31 of 2nd period - Stopped by Roberto Luongo with a rebound.
10:49 of 2nd period - Vladimir Mihalik is hit by Daymond Langkow and loses puck.
11:27 of 2nd period - Backhand shot by Brenden Morrow.
11:27 of 2nd period - Deflect By B.J. Crombeen.
11:27 of 2nd period - Stopped by Roberto Luongo with a rebound.
11:29 of 2nd period - Slapshot by Dan Girardi.
11:29 of 2nd period - Stopped by Roberto Luongo without a rebound.
11:30 of 2nd period - Gilbert Brule wins face-off versus Wojtek Wolski in Bruins zone.
11:31 of 2nd period - Snap shot by Thomas Vanek.
11:31 of 2nd period - Deflect By Justin Falk.
11:31 of 2nd period - Shot Misses the Net.
11:31 of 2nd period - Puck is out of play.
11:32 of 2nd period - Gilbert Brule wins face-off versus Henrik Sedin in Bruins zone.
11:35 of 2nd period - Slapshot by Johan Franzen.
11:35 of 2nd period - Stopped by Roberto Luongo with a rebound.
11:37 of 2nd period - Slapshot by Dan Hamhuis.
11:37 of 2nd period - Stopped by Roberto Luongo with a rebound.
11:39 of 2nd period - Wrist shot by Johan Franzen.
11:39 of 2nd period - Goal by Johan Franzen - Bruins : 0 - Senateurs : 2.
11:40 of 2nd period - Gilbert Brule wins face-off versus Wojtek Wolski in neutral zone.
11:43 of 2nd period - Andrew Alberts is hit by Gilbert Brule and loses puck.
12:17 of 2nd period - Slapshot by Darcy Hordichuk.
12:17 of 2nd period - Shot Misses the Net.
12:30 of 2nd period - Off-side.
12:31 of 2nd period - Brad Richards wins face-off versus Daymond Langkow in neutral zone.
12:38 of 2nd period - Off-side.
12:39 of 2nd period - Wojtek Wolski wins face-off versus Gilbert Brule in neutral zone.
13:17 of 2nd period - Andrew Alberts is hit by Brad Richards and loses puck.
13:28 of 2nd period - Snap shot by Viktor Stalberg.
13:28 of 2nd period - Shot Misses the Net.
13:42 of 2nd period - Adam Pineault is hit by Darcy Hordichuk and loses puck.
14:27 of 2nd period - Backhand shot by Henrik Sedin.
14:27 of 2nd period - Deflect By Wojtek Wolski.
14:27 of 2nd period - Shot Blocked by Gilbert Brule.
14:27 of 2nd period - Puck is out of play.
14:28 of 2nd period - Daymond Langkow wins face-off versus Brad Richards in Senateurs zone.
15:20 of 2nd period - Slapshot by Jason Demers.
15:20 of 2nd period - Shot Blocked by Carlo Colaiacovo.
16:00 of 2nd period - Justin Falk is hit by Brenden Morrow and loses puck.
16:20 of 2nd period - Wrist shot by Viktor Stalberg.
16:20 of 2nd period - Shot Blocked by Milan Hejduk.
16:40 of 2nd period - Snap shot by Darcy Hordichuk.
16:40 of 2nd period - Stopped by Roberto Luongo without a rebound.
16:41 of 2nd period - Johan Franzen wins face-off versus Henrik Sedin in Bruins zone.
17:52 of 2nd period - Wrist shot by Viktor Stalberg.
17:52 of 2nd period - Stopped by Ondrej Pavelec with a rebound.
17:55 of 2nd period - Icing by Carlo Colaiacovo.
17:56 of 2nd period - Andrew Ebbett wins face-off versus Dave Bolland in Senateurs zone.
18:01 of 2nd period - Andrew Alberts is hit by Andy McDonald and loses puck.
18:08 of 2nd period - Snap shot by Adam Pineault.
18:08 of 2nd period - Shot Misses the Net.
18:10 of 2nd period - Snap shot by Viktor Stalberg.
18:10 of 2nd period - Shot Misses the Net.
18:12 of 2nd period - Snap shot by Dave Bolland.
18:12 of 2nd period - Deflect By Viktor Stalberg.
18:12 of 2nd period - Shot Blocked by Andrew Ebbett.
18:12 of 2nd period - Puck is out of play.
18:13 of 2nd period - Henrik Sedin wins face-off versus Gilbert Brule in Senateurs zone.
18:14 of 2nd period - Wrist shot by Wojtek Wolski.
18:14 of 2nd period - Deflect By Vitaly Vishnevsky.
18:14 of 2nd period - Stopped by Ondrej Pavelec without a rebound.
18:15 of 2nd period - Gilbert Brule wins face-off versus Henrik Sedin in Senateurs zone.
18:22 of 2nd period - Snap shot by Thomas Vanek.
18:22 of 2nd period - Shot Misses the Net.
18:24 of 2nd period - Snap shot by Thomas Vanek.
18:24 of 2nd period - Stopped by Roberto Luongo without a rebound.
18:25 of 2nd period - Gilbert Brule wins face-off versus Henrik Sedin in Bruins zone.
18:32 of 2nd period - Wrist shot by Thomas Vanek.
18:32 of 2nd period - Shot Misses the Net.
18:34 of 2nd period - Wrist shot by Gilbert Brule.
18:34 of 2nd period - Deflect By Wojtek Wolski.
18:34 of 2nd period - Stopped by Roberto Luongo without a rebound.
18:35 of 2nd period - Gilbert Brule wins face-off versus Henrik Sedin in Bruins zone.
18:40 of 2nd period - Snap shot by Gilbert Brule.
18:40 of 2nd period - Stopped by Roberto Luongo with a rebound.
18:42 of 2nd period - Slapshot by Kurtis Foster.
18:42 of 2nd period - Shot Blocked by Andrew Alberts.
18:44 of 2nd period - Slapshot by Gilbert Brule.
18:44 of 2nd period - Goal by Gilbert Brule - Bruins : 0 - Senateurs : 3.
18:45 of 2nd period - Wojtek Wolski wins face-off versus Gilbert Brule in neutral zone.
18:47 of 2nd period - Minor Penalty to Jason Demers for Roughing.
18:48 of 2nd period - Gilbert Brule wins face-off versus Wojtek Wolski in Bruins zone.
Goals for this period are 0 for Bruins vs 2 for Senateurs.
Shots for this period are 12 for Bruins vs 16 for Senateurs.
3rd period
0:01 of 3rd period - Wojtek Wolski wins face-off versus Gilbert Brule in neutral zone.
0:04 of 3rd period - Johan Franzen is hit by Keaton Ellerby and loses puck.
0:47 of 3rd period - Penalty to Jason Demers is over, Jason Demers is back on ice.
1:15 of 3rd period - Carlo Colaiacovo is hit by Victor Oreskovich and loses puck.
1:52 of 3rd period - Slapshot by Andrew Ebbett.
1:52 of 3rd period - Stopped by Roberto Luongo with a rebound.
2:01 of 3rd period - Off-side.
2:02 of 3rd period - Gilbert Brule wins face-off versus Henrik Sedin in neutral zone.
2:07 of 3rd period - Mark Stuart is hit by Gilbert Brule and loses puck.
2:19 of 3rd period - Minor Penalty to Johan Franzen for Holding.
2:20 of 3rd period - Henrik Sedin wins face-off versus Gilbert Brule in Senateurs zone.
2:22 of 3rd period - Wrist shot by Henrik Sedin.
2:22 of 3rd period - Shot Misses the Net.
2:24 of 3rd period - Snap shot by Henrik Sedin.
2:24 of 3rd period - Stopped by Ondrej Pavelec without a rebound.
2:25 of 3rd period - Gilbert Brule wins face-off versus Wojtek Wolski in Senateurs zone.
2:40 of 3rd period - Wrist shot by Wojtek Wolski.
2:40 of 3rd period - Goal by Wojtek Wolski - Bruins : 1 - Senateurs : 3.
2:41 of 3rd period - Henrik Sedin wins face-off versus Gilbert Brule in neutral zone.
2:44 of 3rd period - Kurtis Foster is hit by Jason Demers and loses puck.
4:02 of 3rd period - Wrist shot by Milan Hejduk.
4:02 of 3rd period - Shot Misses the Net.
4:04 of 3rd period - Wrist shot by Milan Hejduk.
4:04 of 3rd period - Deflect By Andrew Ebbett.
4:04 of 3rd period - Shot Misses the Net.
4:04 of 3rd period - Puck is out of play.
4:05 of 3rd period - Henrik Sedin wins face-off versus Gilbert Brule in Bruins zone.
4:37 of 3rd period - Wrist shot by Victor Oreskovich.
4:37 of 3rd period - Stopped by Ondrej Pavelec without a rebound.
4:38 of 3rd period - Brad Richards wins face-off versus Jarome Iginla in Senateurs zone.
4:47 of 3rd period - Snap shot by Brad Richards.
4:47 of 3rd period - Stopped by Roberto Luongo with a rebound.
5:14 of 3rd period - Wrist shot by Gilbert Brule.
5:14 of 3rd period - Shot Blocked by Jason Demers.
5:28 of 3rd period - Wrist shot by George Parros.
5:28 of 3rd period - Shot Blocked by Jason Demers.
5:30 of 3rd period - Backhand shot by George Parros.
5:30 of 3rd period - Shot Blocked by Viktor Stalberg.
5:32 of 3rd period - Snap shot by Darcy Hordichuk.
5:32 of 3rd period - Shot Misses the Net.
5:36 of 3rd period - Backhand shot by Darcy Hordichuk.
5:36 of 3rd period - Stopped by Roberto Luongo with a rebound.
5:52 of 3rd period - Slapshot by Jason Demers.
5:52 of 3rd period - Stopped by Ondrej Pavelec with a rebound.
6:45 of 3rd period - Off-side.
6:46 of 3rd period - Henrik Sedin wins face-off versus Gilbert Brule in neutral zone.
6:51 of 3rd period - Snap shot by Wojtek Wolski.
6:51 of 3rd period - Shot Misses the Net.
6:53 of 3rd period - Slapshot by Nate Prosser.
6:53 of 3rd period - Shot Misses the Net.
6:55 of 3rd period - Wrist shot by Wojtek Wolski.
6:55 of 3rd period - Shot Blocked by Johan Franzen.
6:57 of 3rd period - Snap shot by Henrik Sedin.
6:57 of 3rd period - Stopped by Ondrej Pavelec without a rebound.
6:58 of 3rd period - Henrik Sedin wins face-off versus Gilbert Brule in Senateurs zone.
7:01 of 3rd period - Slapshot by Wojtek Wolski.
7:01 of 3rd period - Deflect By Henrik Sedin.
7:01 of 3rd period - Stopped by Ondrej Pavelec without a rebound.
7:02 of 3rd period - Henrik Sedin wins face-off versus Gilbert Brule in Senateurs zone.
7:05 of 3rd period - Snap shot by Wojtek Wolski.
7:05 of 3rd period - Shot Blocked by Carlo Colaiacovo.
7:15 of 3rd period - Backhand shot by Vitaly Vishnevsky.
7:15 of 3rd period - Shot Misses the Net.
7:17 of 3rd period - Slapshot by Johan Franzen.
7:17 of 3rd period - Shot Misses the Net.
7:19 of 3rd period - Snap shot by Vitaly Vishnevsky.
7:19 of 3rd period - Stopped by Roberto Luongo with a rebound.
7:35 of 3rd period - Snap shot by Matt Cooke.
7:35 of 3rd period - Stopped by Ondrej Pavelec without a rebound.
7:36 of 3rd period - Daymond Langkow wins face-off versus Brad Richards in Senateurs zone.
7:39 of 3rd period - Snap shot by Victor Oreskovich.
7:39 of 3rd period - Shot Misses the Net.
8:25 of 3rd period - Wrist shot by Adam Pineault.
8:25 of 3rd period - Shot Blocked by Vladimir Mihalik.
8:27 of 3rd period - Slapshot by Mark Stuart.
8:27 of 3rd period - Stopped by Ondrej Pavelec with a rebound.
8:29 of 3rd period - Snap shot by Dave Bolland.
8:29 of 3rd period - Stopped by Ondrej Pavelec without a rebound.
8:30 of 3rd period - Daymond Langkow wins face-off versus Brandon Dubinsky in Senateurs zone.
8:51 of 3rd period - Brandon Dubinsky is hit by Daymond Langkow and loses puck.
8:58 of 3rd period - Snap shot by Kurtis Foster.
8:58 of 3rd period - Shot Misses the Net.
9:00 of 3rd period - Snap shot by Brandon Dubinsky.
9:00 of 3rd period - Shot Misses the Net.
9:04 of 3rd period - Snap shot by Darcy Hordichuk.
9:04 of 3rd period - Stopped by Roberto Luongo without a rebound.
9:05 of 3rd period - Thomas Vanek wins face-off versus Henrik Sedin in Bruins zone.
9:31 of 3rd period - Andrew Alberts is hit by Brad Richards and loses puck.
9:42 of 3rd period - Snap shot by B.J. Crombeen.
9:42 of 3rd period - Deflect By Adam Pineault.
9:42 of 3rd period - Shot Blocked by Nate Prosser.
9:42 of 3rd period - Puck is out of play.
9:43 of 3rd period - Henrik Sedin wins face-off versus Brandon Dubinsky in Bruins zone.
9:48 of 3rd period - Slapshot by Wojtek Wolski.
9:48 of 3rd period - Shot Blocked by Dan Hamhuis.
10:22 of 3rd period - Dan Hamhuis is hit by Nate Prosser and loses puck.
10:55 of 3rd period - Slapshot by Thomas Vanek.
10:55 of 3rd period - Stopped by Roberto Luongo without a rebound.
10:56 of 3rd period - Brad Richards wins face-off versus Henrik Sedin in Bruins zone.
10:57 of 3rd period - Snap shot by Brenden Morrow.
10:57 of 3rd period - Shot Misses the Net.
11:23 of 3rd period - Darcy Hordichuk is hit by Adam Pineault and loses puck.
11:28 of 3rd period - Snap shot by Adam Pineault.
11:28 of 3rd period - Shot Misses the Net.
13:26 of 3rd period - Dave Bolland is hit by Brandon Dubinsky and loses puck.
13:43 of 3rd period - Snap shot by Curtis Glencross.
13:43 of 3rd period - Stopped by Ondrej Pavelec with a rebound.
14:01 of 3rd period - Snap shot by Henrik Sedin.
14:01 of 3rd period - Stopped by Ondrej Pavelec with a rebound.
14:03 of 3rd period - Snap shot by Justin Falk.
14:03 of 3rd period - Deflect By Vitaly Vishnevsky.
14:03 of 3rd period - Stopped by Ondrej Pavelec with a rebound.
14:21 of 3rd period - Snap shot by Matt Cooke.
14:21 of 3rd period - Shot Misses the Net.
14:23 of 3rd period - Slapshot by Matt Cooke.
14:23 of 3rd period - Stopped by Ondrej Pavelec without a rebound.
14:24 of 3rd period - Gilbert Brule wins face-off versus Henrik Sedin in Senateurs zone.
14:24 of 3rd period - Gilbert Brule is hit by Nate Prosser.
14:27 of 3rd period - Minor Penalty to Vladimir Mihalik for Close Hand On Puck.
14:28 of 3rd period - Henrik Sedin wins face-off versus Gilbert Brule in Senateurs zone.
15:20 of 3rd period - Wrist shot by Brenden Morrow.
15:20 of 3rd period - Goal by Brenden Morrow - Bruins : 1 - Senateurs : 4.
15:21 of 3rd period - Henrik Sedin wins face-off versus Gilbert Brule in neutral zone.
15:49 of 3rd period - Slapshot by Matt Cooke.
15:49 of 3rd period - Stopped by Ondrej Pavelec without a rebound.
15:50 of 3rd period - Daymond Langkow wins face-off versus Gilbert Brule in Senateurs zone.
16:27 of 3rd period - Penalty to Vladimir Mihalik is over, Vladimir Mihalik is back on ice.
16:43 of 3rd period - Viktor Stalberg is hit by B.J. Crombeen and loses puck.
16:56 of 3rd period - Vladimir Mihalik is hit by Erik Condra and loses puck.
17:08 of 3rd period - Brandon Dubinsky is hit by Erik Condra and loses puck.
17:19 of 3rd period - Wrist shot by Andrew Ebbett.
17:19 of 3rd period - Shot Misses the Net.
17:28 of 3rd period - Slapshot by Andy McDonald.
17:28 of 3rd period - Shot Misses the Net.
17:46 of 3rd period - Snap shot by Matt Cooke.
17:46 of 3rd period - Stopped by Ondrej Pavelec with a rebound.
18:12 of 3rd period - Nate Prosser is hit by Milan Hejduk and loses puck.
18:47 of 3rd period - Backhand shot by Brenden Morrow.
18:47 of 3rd period - Shot Misses the Net.
19:16 of 3rd period - Slapshot by Vitaly Vishnevsky.
19:16 of 3rd period - Stopped by Roberto Luongo without a rebound.
19:17 of 3rd period - Daymond Langkow wins face-off versus Brad Richards in Bruins zone.
19:26 of 3rd period - Snap shot by Matt Cooke.
19:26 of 3rd period - Shot Blocked by Dan Hamhuis.
19:28 of 3rd period - Snap shot by Daymond Langkow.
19:28 of 3rd period - Shot Misses the Net.
19:30 of 3rd period - Slapshot by Matt Cooke.
19:30 of 3rd period - Shot Misses the Net.
19:41 of 3rd period - Icing by Matt Cooke.
19:42 of 3rd period - Brandon Dubinsky wins face-off versus Dave Bolland in Bruins zone.
Goals for this period are 1 for Bruins vs 1 for Senateurs.
Shots for this period are 15 for Bruins vs 8 for Senateurs.
Back to the Top